 Dungeon Crawl Stone Soup version 0.13.0-59-g13bd910 (webtiles) character file.

152 Lilouch the Firebug (level 3, -15/24 HPs)
             Began as a Mummy Fire Elementalist on Nov 20, 2013.
             Demolished by an ogre
             ... wielding a cursed +0,-1 giant spiked club
              (20 damage)
             ... on Level 4 of the Dungeon.
             The game lasted 00:09:06 (2025 turns).

Lilouch the Firebug (Mummy Fire Elementalist)       Turns: 2025, Time: 00:09:06

HP -15/24        AC  4     Str 11      XL: 3   Next: 89%
MP   6/6         EV 12     Int 15      God:
Gold 89          SH  0     Dex 12      Spells:  1 memorised,  5 levels left

Res.Fire  : x . .   See Invis. : .   d - +4,+1 elf short sword (freeze)
Res.Cold  : + . .   Warding    : +   n - +0 robe
Life Prot.: + + +   Conserve   : .   (no shield)
Res.Poison: +       Res.Corr.  : .   (no helmet)
Res.Elec. : .       Clarity    : .   m - +0 cloak
Sust.Abil.: . .     Spirit.Shd : .   k - +0 pair of elf gloves
Res.Mut.  : .       Stasis     : .   (no boots)
Res.Rott. : +       Flight     : .   g - amulet of warding {unknown}
Saprovore : . . .                    (no ring)
                                     (no ring)

@: slightly resistant to hostile enchantments, unstealthy
A: no food or potions, fire vulnerability, restore body, cold resistance 1, life
protection 3, poison resistance, torment resistance, unbreathing
a: no special abilities


You were on level 4 of the Dungeon.
You were not hungry.

You visited 1 branch of the dungeon, and saw 4 of its levels.

You collected 69 gold pieces.

Inventory:

Hand weapons
 d - a +4,+1 elven short sword of freezing (weapon)
 f - a +0 blowgun
 o - a -1,+1 orcish dagger (quivered)
 p - a +0,+0 orcish dagger
 t - a -1,+1 orcish dagger
Missiles
 l - 14 poisoned needles
Armour
 k - a +0 pair of elven gloves (worn)
 m - a +0 cloak (worn)
 n - a +0 robe (worn)
Magical devices
 a - a wand of slowing (14) {unknown}
Comestibles
 c - 5 grapes
Scrolls
 e - 2 scrolls of random uselessness {unknown}
 i - 2 scrolls of identify {unknown}
 j - a scroll of blinking {unknown}
 q - a scroll of teleportation {unknown}
 r - a scroll of amnesia {unknown}
 u - a scroll of curse weapon {unknown}
Jewellery
 g - an amulet of warding (around neck) {unknown}
 s - an uncursed ring of positive energy {unknown}
Potions
 h - a potion of curing {unknown}
 v - a potion of restore abilities {unknown}
Books
 b - a book of Flames

   Spells                             Type                      Level
   *Flame Tongue                      Conjuration/Fire             1
   Throw Flame                        Conjuration/Fire             2
   Conjure Flame                      Conjuration/Fire             3
   Inner Flame                        Hexes/Fire                   3
   Sticky Flame                       Conjuration/Fire             4
   Fireball                           Conjuration/Fire             5


   Skills:
 - Level 1.5 Dodging
 - Level 1.5 Stealth
 + Level 2.3 Spellcasting
 + Level 1.7 Conjurations
 + Level 2.9 Fire Magic


You had 5 spell levels left.
You knew the following spells:

 Your Spells              Type           Power        Failure   Level  Hunger
a - Flame Tongue          Conj/Fire      #....        12%         1    N/A

Dungeon Overview and Level Annotations

Branches:
Dungeon (4/27)
 Temple: D:4-7

Altars:

Annotations:
D:3 Seskara's ghost, average GrHu


Innate Abilities, Weirdness & Mutations

You do not eat or drink.
Your flesh is vulnerable to fire.
Your flesh is cold resistant.
You are immune to negative energy.
Your system is resistant to poisons.
You are immune to unholy pain and torment.
You can survive without breathing.


Message History

Found a robe.
v - a white potion 2 orcs and an orc wizard come into view.
The orc shouts!
An ogre comes into view. It is wielding a giant spiked club.
The ogre shouts!
A rat skeleton comes into view.
The rat skeleton moves out of view.
The orc wizard points at you and mumbles some strange words.
The puff of flame hits you! The fire burns you terribly!
Ouch! That really hurt!
* * * LOW HITPOINT WARNING * * *
The orc suddenly jeers, as Orcs often do.
The orc wizard mumbles some strange words.
The orc wizard seems to speed up.
The orc wizard glows brightly for a moment.
There is a stone staircase leading up here.
The ogre hits you with a giant spiked club!
Ouch! That really hurt!
You die...

.#.........................
......#...#####..#.####.z..#
.....(.......................
......#......................
##........###.##o.........O.
#...##.### #.##.##.##...
.........####)##o# .# ..
................O##.##..z
##..#.....###.##@........
#..#..... #+#####.##... .
.... #


You could see an ogre, an orc wizard, an orc and a rat skeleton (wandering).

Vanquished Creatures
  2 adders
  A giant gecko (D:3)
  An orc (D:3)
  4 bats
  4 giant cockroaches
  4 goblins
  9 hobgoblins
  6 kobolds
  2 oozes (D:1)
  A ball python (D:1)
  3 giant newts
  5 rats
42 creatures vanquished.

Notes
Turn   | Place    | Note
--------------------------------------------------------------
     0 | D:1      | Lilouch, the Mummy Fire Elementalist, began the quest for the Orb.
     0 | D:1      | Reached XP level 1. HP: 13/13 MP: 3/3
   101 | D:1      | Reached skill level 1 in Conjurations
   446 | D:1      | Reached XP level 2. HP: 19/19 MP: 2/4
  1335 | D:2      | Reached XP level 3. HP: 24/24 MP: 4/6
  1896 | D:3      | Noticed Seskara's ghost (average GrHu)
  2009 | D:4      | Noticed an ogre
  2025 | D:4      | Demolished by an ogre

Action                   || total
-------------------------++-------
Melee: Unarmed           ||     7
       Short sword       ||    43
 Fire: Blowgun           ||     3
Throw: Dagger            ||    20
 Cast: Flame Tongue      ||    44
